[ AOE2 MATCH · #508736408 ]
UnrankedPortuguese vs Koreans
Player's team · LOSS
Rival team · WIN
[ REPLAY ANALYSIS · EXTRACTED FROM THE RECORDED GAME ]
Feudal
10:53
Castle
19:24
Imperial
34:13
| APM avg | 61.1 |
| APM peak | 98 |
| eAPM avg | 32.1 |
| Villagers / military | 308 / 1433 |
Focus
⚔️ 42.6% · 🌾 57.4%
Skirmisher ×706 · Spearman ×456 · Scout Cavalry ×182 · Archer ×52 · Bombard Cannon ×15 · Trebuchet (Packed) ×8
Feudal
8:04
Castle
22:18
Imperial
35:55
| APM avg | 37.1 |
| APM peak | 90 |
| eAPM avg | 25.5 |
| Villagers / military | 249 / 1580 |
Focus
⚔️ 51.1% · 🌾 48.9%
Skirmisher ×655 · Scout Cavalry ×382 · Spearman ×375 · Knight ×48 · Fire Lancer ×45 · Bombard Cannon ×37
Match map
Initial resources + every placement click. Lines = walls · curves = elevation contours. ◆ gold · ⬟ stone · ● berries · ✦ relic · ◌ wall gap
Your base· ✓ Closed at 19:24 · 3t walls · 6 gate(s)
Corzak's base· ✓ Closed at 22:18 · 9t walls · 3 gate(s)
Smoothed initial terrain · ◌ = detected wall gap · hover for details
Inputs per minute
— NoToxic_MK - - Corzak
Build order — NoToxic_MK
First 150 of 999 actions detected
| 0:00 | Queue | Villager (Male) |
| 0:00 | Queue | Villager (Male) |
| 0:01 | Queue | Villager (Male) |
| 0:02 | Build | House |
| 0:03 | Build | House |
| 0:09 | Queue | Villager (Male) |
| 1:15 | Queue | Villager (Male) |
| 1:15 | Queue | Villager (Male) |
| 1:53 | Build | Lumber Camp |
| 2:00 | Queue | Villager (Male) |
| 2:00 | Queue | Villager (Male) |
| 2:16 | Queue | Villager (Male) |
| 2:40 | Queue | Villager (Male) |
| 3:04 | Queue | Villager (Male) |
| 3:20 | Queue | Villager (Male) |
| 3:21 | Queue | Villager (Male) |
| 3:54 | Build | Mill |
| 3:56 | Queue | Villager (Male) |
| 4:00 | Build | Mill |
| 4:11 | Queue | Villager (Male) |
| 4:11 | Queue | Villager (Male) |
| 4:16 | Build | House |
| 4:19 | Queue | Villager (Male) |
| 4:19 | Queue | Villager (Male) |
| 5:03 | Queue | Villager (Male) |
| 5:10 | Queue | Villager (Male) |
| 5:21 | Queue | Villager (Male) |
| 5:37 | Queue | Villager (Male) |
| 5:37 | Queue | Villager (Male) |
| 5:48 | Build | House |
| 6:47 | Queue | Villager (Male) |
| 7:12 | Queue | Villager (Male) |
| 7:41 | Queue | Villager (Male) |
| 7:42 | Queue | Villager (Male) |
| 7:48 | Build | Farm |
| 7:50 | Build | Farm |
| 7:51 | Build | Farm |
| 8:05 | Build | Mining Camp |
| 8:10 | Research | Loom |
| 8:13 | Research | Feudal Age |
| 8:28 | Build | Mining Camp |
| 8:37 | Build | House |
| 8:47 | Build | House |
| 8:52 | Build | House |
| 8:54 | Build | House |
| 9:14 | Build | House |
| 9:25 | Build | House |
| 9:30 | Queue | Villager (Male) |
| 10:11 | Queue | Villager (Male) |
| 10:53 | Age | Feudal Age |
| 10:56 | Build | Watch Tower |
| 11:02 | Queue | Villager (Male) |
| 11:20 | Build | Watch Tower |
| 11:21 | Queue | Villager (Male) |
| 11:35 | Queue | Villager (Male) |
| 11:46 | Build | House |
| 11:53 | Build | Palisade Wall |
| 11:54 | Build | Palisade Wall |
| 11:58 | Build | Palisade Wall |
| 12:04 | Queue | Villager (Male) |
| 12:10 | Build | Farm |
| 12:11 | Build | Farm |
| 12:13 | Build | Market |
| 12:14 | Queue | Villager (Male) |
| 12:54 | Build | Palisade Gate |
| 13:07 | Build | Palisade Gate |
| 13:12 | Build | Watch Tower |
| 13:27 | Queue | Villager (Male) |
| 13:49 | Build | House |
| 13:53 | Build | House |
| 13:57 | Build | House |
| 14:03 | Build | Palisade Gate |
| 14:05 | Build | House |
| 14:14 | Queue | Villager (Male) |
| 14:14 | Queue | Villager (Male) |
| 14:18 | Queue | Villager (Male) |
| 14:26 | Build | House |
| 14:32 | Queue | Villager (Male) |
| 14:49 | Queue | Villager (Male) |
| 14:51 | Build | Farm |
| 14:54 | Build | Farm |
| 15:14 | Queue | Villager (Male) |
| 15:19 | Build | Farm |
| 15:20 | Build | Farm |
| 15:37 | Build | House |
| 15:53 | Build | Mill |
| 15:53 | Build | Farm |
| 15:53 | Build | Farm |
| 15:54 | Build | Farm |
| 15:58 | Build | Palisade Gate |
| 16:01 | Queue | Villager (Male) |
| 16:17 | Build | Blacksmith |
| 16:39 | Research | Castle Age |
| 17:35 | Build | Barracks |
| 18:07 | Queue | Villager (Male) |
| 18:17 | Research | Double-Bit Axe |
| 18:17 | Research | Double-Bit Axe |
| 18:19 | Research | Horse Collar |
| 18:23 | Research | Gold Mining |
| 19:24 | Age | Castle Age |
| 19:26 | Build | Siege Workshop |
| 19:30 | Research | Bow Saw |
| 19:31 | Queue | Villager (Male) |
| 19:34 | Queue | Villager (Male) |
| 20:01 | Queue | Mangonel |
| 20:04 | Build | Palisade Gate |
| 20:27 | Queue | Mangonel |
| 20:28 | Queue | Villager (Male) |
| 20:36 | Build | House |
| 20:38 | Build | House |
| 20:39 | Queue | Villager (Male) |
| 21:03 | Queue | Mangonel |
| 21:03 | Queue | Villager (Male) |
| 21:18 | Queue | Villager (Male) |
| 21:26 | Build | Town Center |
| 21:37 | Queue | Villager (Male) |
| 21:55 | Queue | Villager (Male) |
| 22:13 | Build | House |
| 22:16 | Queue | Villager (Male) |
| 22:30 | Queue | Villager (Male) |
| 22:34 | Build | Monastery |
| 22:46 | Queue | Villager (Male) |
| 22:50 | Queue | Mangonel |
| 22:56 | Queue | Villager (Male) |
| 22:59 | Build | Farm |
| 22:59 | Build | Farm |
| 22:59 | Build | Farm |
| 23:00 | Build | Farm |
| 23:00 | Build | Farm |
| 23:05 | Queue | Villager (Male) |
| 23:05 | Queue | Villager (Male) |
| 23:05 | Queue | Villager (Male) |
| 23:11 | Queue | Monk |
| 23:21 | Build | Farm |
| 23:35 | Build | House |
| 23:40 | Queue | Villager (Male) |
| 23:46 | Queue | Villager (Male) |
| 24:07 | Build | Stone Wall |
| 24:11 | Build | Stone Wall |
| 24:15 | Queue | Villager (Male) |
| 24:18 | Build | Farm |
| 24:25 | Queue | Villager (Male) |
| 24:25 | Queue | Villager (Male) |
| 24:51 | Queue | Villager (Male) |
| 24:59 | Build | Stone Wall |
| 25:00 | Build | Stone Wall |
| 25:02 | Queue | Villager (Male) |
| 25:07 | Build | Farm |
| 25:07 | Build | Farm |
| 25:09 | Queue | Villager (Male) |
Build order — Corzak
First 150 of 993 actions detected
| 0:00 | Queue | Villager (Male) |
| 0:01 | Queue | Villager (Male) |
| 0:02 | Build | House |
| 0:02 | Build | House |
| 0:07 | Queue | Villager (Male) |
| 0:15 | Queue | Villager (Male) |
| 1:26 | Queue | Villager (Male) |
| 1:50 | Queue | Villager (Male) |
| 2:16 | Build | Lumber Camp |
| 2:21 | Queue | Villager (Male) |
| 2:29 | Queue | Villager (Male) |
| 3:05 | Build | House |
| 3:22 | Queue | Villager (Male) |
| 3:25 | Queue | Villager (Male) |
| 3:52 | Queue | Villager (Male) |
| 3:54 | Queue | Villager (Male) |
| 3:56 | Queue | Villager (Male) |
| 4:13 | Research | Loom |
| 4:19 | Queue | Villager (Male) |
| 5:06 | Build | Mining Camp |
| 5:54 | Research | Feudal Age |
| 6:25 | Build | House |
| 7:16 | Queue | Villager (Male) |
| 7:57 | Build | Mill |
| 8:04 | Age | Feudal Age |
| 8:13 | Build | Watch Tower |
| 8:17 | Queue | Villager (Male) |
| 8:21 | Research | Double-Bit Axe |
| 8:31 | Queue | Villager (Male) |
| 8:36 | Queue | Villager (Male) |
| 9:29 | Queue | Villager (Male) |
| 9:46 | Queue | Villager (Male) |
| 9:47 | Build | House |
| 9:57 | Queue | Villager (Male) |
| 10:09 | Queue | Villager (Male) |
| 10:39 | Build | Blacksmith |
| 10:51 | Queue | Villager (Male) |
| 11:09 | Build | Watch Tower |
| 11:16 | Research | Fletching |
| 11:17 | Queue | Villager (Male) |
| 11:27 | Build | House |
| 11:39 | Queue | Villager (Male) |
| 11:41 | Build | Farm |
| 12:09 | Queue | Villager (Male) |
| 12:10 | Build | Farm |
| 12:36 | Queue | Villager (Male) |
| 12:37 | Queue | Villager (Male) |
| 12:39 | Build | Palisade Wall |
| 12:40 | Build | Palisade Wall |
| 12:44 | Build | Palisade Wall |
| 12:46 | Build | Palisade Wall |
| 12:54 | Build | Palisade Wall |
| 12:56 | Build | Palisade Wall |
| 12:57 | Build | Palisade Wall |
| 13:10 | Queue | Villager (Male) |
| 13:20 | Queue | Villager (Male) |
| 13:49 | Queue | Villager (Male) |
| 14:10 | Build | Palisade Wall |
| 14:16 | Queue | Villager (Male) |
| 14:22 | Build | Watch Tower |
| 14:32 | Build | Watch Tower |
| 14:41 | Queue | Villager (Male) |
| 14:43 | Build | Farm |
| 14:44 | Build | Farm |
| 14:45 | Build | Farm |
| 14:47 | Build | Farm |
| 14:47 | Build | Farm |
| 14:47 | Build | Farm |
| 14:50 | Build | Mining Camp |
| 15:17 | Build | Palisade Wall |
| 15:22 | Build | Farm |
| 15:23 | Build | Farm |
| 15:47 | Queue | Villager (Male) |
| 15:58 | Queue | Villager (Male) |
| 16:05 | Queue | Villager (Male) |
| 16:13 | Queue | Villager (Male) |
| 16:16 | Build | House |
| 16:27 | Queue | Villager (Male) |
| 16:30 | Build | Farm |
| 16:33 | Build | Farm |
| 16:58 | Build | Market |
| 17:24 | Build | House |
| 17:43 | Build | House |
| 17:52 | Queue | Villager (Male) |
| 18:13 | Build | House |
| 18:19 | Queue | Villager (Male) |
| 18:21 | Build | Farm |
| 18:26 | Build | Farm |
| 18:34 | Build | Farm |
| 19:04 | Queue | Villager (Male) |
| 19:38 | Research | Castle Age |
| 20:30 | Queue | Villager (Male) |
| 20:34 | Research | Gold Mining |
| 20:36 | Research | Horse Collar |
| 20:44 | Build | Outpost |
| 21:00 | Build | House |
| 21:01 | Build | House |
| 21:03 | Queue | Villager (Male) |
| 21:17 | Research | Stone Mining |
| 22:18 | Age | Castle Age |
| 22:25 | Build | Castle |
| 22:29 | Build | Monastery |
| 22:32 | Research | Bow Saw |
| 22:40 | Research | Bodkin Arrow |
| 23:06 | Queue | Villager (Male) |
| 23:15 | Queue | Monk |
| 23:17 | Queue | Monk |
| 23:33 | Build | Lumber Camp |
| 23:37 | Queue | Villager (Male) |
| 23:37 | Queue | Villager (Male) |
| 23:44 | Build | Siege Workshop |
| 23:51 | Queue | Villager (Male) |
| 23:51 | Queue | Villager (Male) |
| 23:53 | Build | Farm |
| 24:20 | Queue | Villager (Male) |
| 24:20 | Queue | Villager (Male) |
| 24:31 | Queue | Iron Pagoda |
| 24:54 | Build | Town Center |
| 25:20 | Queue | Villager (Male) |
| 25:20 | Queue | Villager (Male) |
| 25:25 | Queue | Iron Pagoda |
| 25:28 | Queue | Villager (Male) |
| 25:51 | Queue | Iron Pagoda |
| 25:54 | Build | House |
| 26:06 | Queue | Villager (Male) |
| 26:10 | Queue | Villager (Male) |
| 26:11 | Queue | Villager (Male) |
| 26:13 | Build | Town Center |
| 26:25 | Queue | Villager (Male) |
| 26:35 | Build | Watch Tower |
| 26:38 | Queue | War Wagon |
| 26:41 | Build | House |
| 26:42 | Build | House |
| 26:47 | Queue | Villager (Male) |
| 26:48 | Queue | Villager (Male) |
| 27:06 | Queue | War Wagon |
| 27:06 | Queue | War Wagon |
| 27:13 | Queue | Villager (Male) |
| 27:13 | Queue | Villager (Male) |
| 27:18 | Queue | Villager (Male) |
| 27:32 | Queue | Villager (Male) |
| 27:33 | Queue | Villager (Male) |
| 27:50 | Build | House |
| 27:56 | Build | Farm |
| 27:58 | Queue | Villager (Male) |
| 28:06 | Build | Watch Tower |
| 28:11 | Queue | Iron Pagoda |
| 28:12 | Queue | Villager (Male) |
| 28:28 | Queue | Villager (Male) |
| 28:47 | Build | Stone Wall |
Match timeline
| 8:04 | Corzak · age_up feudal |
| 10:53 | NoToxic_MK · age_up feudal |
| 11:53 | NoToxic_MK · wall_segment Palisade Wall x1 |
| 11:54 | NoToxic_MK · wall_segment Palisade Wall x1 |
| 11:58 | NoToxic_MK · wall_segment Palisade Wall x1 |
| 12:39 | Corzak · wall_segment Palisade Wall x1 |
| 12:40 | Corzak · wall_segment Palisade Wall x1 |
| 12:44 | Corzak · wall_segment Palisade Wall x1 |
| 12:46 | Corzak · wall_segment Palisade Wall x1 |
| 12:54 | Corzak · wall_segment Palisade Wall x1 |
| 12:56 | Corzak · wall_segment Palisade Wall x1 |
| 12:57 | Corzak · wall_segment Palisade Wall x1 |
| 14:10 | Corzak · wall_segment Palisade Wall x1 |
| 15:17 | Corzak · wall_segment Palisade Wall x1 |
| 17:35 | NoToxic_MK · first_building Barracks |
| 18:44 | NoToxic_MK · first_market_buy 100 stone |
| 19:24 | NoToxic_MK · age_up castle |
| 19:26 | NoToxic_MK · first_building Siege Workshop |
| 19:37 | Corzak · first_market_buy 100 food |
| 19:37 | Corzak · first_market_sell 100 wood |
| 22:18 | Corzak · age_up castle |
| 22:25 | Corzak · first_building Castle |
| 22:29 | Corzak · first_building Monastery |
| 22:34 | NoToxic_MK · first_building Monastery |
| 23:44 | Corzak · first_building Siege Workshop |
| 24:07 | NoToxic_MK · wall_segment Stone Wall x1 |
| 24:11 | NoToxic_MK · wall_segment Stone Wall x6 |
| 24:59 | NoToxic_MK · wall_segment Stone Wall x4 |
| 25:00 | NoToxic_MK · wall_segment Stone Wall x1 |
| 25:18 | NoToxic_MK · wall_segment Stone Wall x1 |
| 28:47 | Corzak · wall_segment Stone Wall x21 |
| 29:02 | NoToxic_MK · wall_segment Stone Wall x5 |
| 30:13 | NoToxic_MK · first_building Castle |
| 30:57 | NoToxic_MK · first_market_sell 100 wood |
| 31:32 | NoToxic_MK · first_building Archery Range |
| 32:40 | NoToxic_MK · wall_segment Palisade Wall x1 |
| 34:13 | NoToxic_MK · age_up imperial |
| 34:36 | Corzak · first_building Barracks |
| 35:55 | Corzak · age_up imperial |
| 37:12 | Corzak · wall_segment Stone Wall x12 |
| 38:13 | Corzak · wall_segment Stone Wall x9 |
| 39:27 | Corzak · first_building Stable |
| 43:52 | NoToxic_MK · wall_segment Stone Wall x8 |
| 43:53 | NoToxic_MK · wall_segment Stone Wall x4 |
| 43:55 | NoToxic_MK · wall_segment Stone Wall x9 |
| 44:28 | Corzak · wall_segment Stone Wall x23 |
| 46:48 | NoToxic_MK · wall_segment Stone Wall x4 |
| 47:06 | NoToxic_MK · wall_segment Stone Wall x4 |
| 47:09 | Corzak · wall_segment Stone Wall x24 |
| 50:00 | Corzak · first_building Archery Range |
| 50:07 | NoToxic_MK · wall_segment Stone Wall x12 |
| 51:35 | NoToxic_MK · wall_segment Stone Wall x21 |
| 53:43 | NoToxic_MK · wall_segment Stone Wall x3 |
| 53:44 | NoToxic_MK · wall_segment Stone Wall x1 |
| 60:31 | NoToxic_MK · wall_segment Stone Wall x6 |
| 65:19 | NoToxic_MK · wall_segment Stone Wall x7 |
| 65:54 | NoToxic_MK · first_building Stable |
| 69:51 | NoToxic_MK · wall_segment Stone Wall x25 |
| 71:48 | NoToxic_MK · wall_segment Stone Wall x1 |
| 77:25 | NoToxic_MK · wall_segment Stone Wall x1 |
| 77:26 | NoToxic_MK · wall_segment Stone Wall x1 |
| 93:42 | Corzak · wall_segment Stone Wall x13 |
| 100:16 | NoToxic_MK · resign |
[ AI ANALYSIS · 1 CREDIT ]
What really happened in this match?
Wolo.gg analyzes every decision: build order, eco, micro, common mistakes by bracket. Personalized analysis on WhatsApp or Discord in 30 seconds.
Civ guide
Portuguese
Perfil
Jugador #14261379